 Dungeon Crawl Stone Soup version 0.18-a0-1060-g4fac74f (webtiles) character file.

26878 M4edhros the Covert (level 13, -9/89 HPs)
             Began as an Octopode Artificer on Jan 12, 2016.
             Was an Elder of Fedhas.
             Killed by an exploding giant spore (25 damage)
             ... created by the player character
             ... set off by themself
             ... on level 2 of the Orcish Mines.
             The game lasted 00:48:15 (13231 turns).

M4edhros the Covert (Octopode Artificer)           Turns: 13231, Time: 00:48:16

Health: -9/89      AC:  8    Str: 14    XL:     13   Next: 28%
Magic:  24/29      EV: 24    Int: 20    God:    Fedhas [****..]
Gold:   668        SH:  0    Dex: 17    Spells: 2 memorised, 8 levels left

rFire  + + .     SeeInvis .     P - +7 flail of Zeteir {flame, MR+ Str+4 Int-2}
rCold  . . .     Gourm    .     M - +0 buckler {AC+3}
rNeg   . . .     Faith    .     (helmet restricted)
rPois  .         Spirit   .     z - amulet of regeneration
rElec  .         Dismiss  .     r - +5 ring of dexterity
rCorr  .         Reflect  .     F - ring of fire
SustAt .         Harm     .     J - ring of magical power
MR     ++...     Rnd*Rage +     N - +5 ring of evasion
Stlth  +++.......               B - ring of protection from cold
                                a - ring of protection from magic
                                T - +4 ring of protection
                                u - ring "Hudosk" {rF+ Int+4}

@: confused, very resistant to hostile enchantments, fairly stealthy
A: almost no armour, amphibious, 8 rings, constrict 8, fangs 1, tentacle spike
1, camouflage 1, berserk 1, blurry vision 1, clumsy 1, sense surroundings 1,
robust 1, screaming 1, slow regeneration 1, gelatinous body 1
a: Evolution, Sunlight, Growth, Reproduction, Renounce Religion


You were on level 2 of the Orcish Mines.
You worshipped Fedhas.
Fedhas was greatly pleased with you.
You were not hungry.

You visited 3 branches of the dungeon, and saw 17 of its levels.
You also visited: Sewer and Ossuary.

You collected 1179 gold pieces.
You spent 511 gold pieces at shops.

Inventory:

Hand Weapons
 k - a +0 hunting sling
 q - a +5 blowgun
 y - a +0 dagger of venom
 P - the +7 flail of Zeteir (weapon) {flame, MR+ Str+4 Int-2}
   (You found it on level 5 of the Dungeon)

   It has been specially enchanted to burn those struck by it, causing extra
   injury to most foes and up to half again as much damage against particularly
   susceptible opponents.
   It affects your strength (+4).
   It affects your intelligence (-2).
   It affects your resistance to hostile enchantments.
Missiles
 g - 77 sling bullets
 l - 376 stones (quivered)
 n - 4 throwing nets
 D - 14 poisoned needles
 I - 25 poisoned sling bullets
 R - 17 steel sling bullets
 V - 7 exploding sling bullets
 X - 20 curare-tipped needles
Armour
 M - a +0 buckler of protection (worn)
Jewellery
 a - a ring of protection from magic (on tentacle)
 r - a +5 ring of dexterity (left tentacle)
 u - the ring "Hudosk" (on tentacle) {rF+ Int+4}
   (You found it on level 12 of the Dungeon)

   [ring of protection from fire]

   It affects your intelligence (+4).
   It protects you from fire.
 z - an amulet of regeneration (around mantle)
 B - a ring of protection from cold (on tentacle)
 F - a ring of fire (right tentacle)
 J - a ring of magical power (on tentacle)
 N - a +5 ring of evasion (on tentacle)
 T - a +4 ring of protection (on tentacle)
Wands
 b - a wand of flame (6/48)
 c - a wand of draining (0/15)
 d - a wand of random effects (12/48)
 j - a wand of draining (5/15)
 p - a wand of fire (0/15)
 A - a wand of frost (34/48)
 U - a wand of polymorph (13/24)
 Y - a wand of paralysis (17/24)
 Z - a wand of enslavement (5/24)
Scrolls
 e - 7 scrolls of remove curse
 f - 5 scrolls of enchant armour
 h - 8 scrolls of fog
 o - 4 scrolls of fear
 s - 7 scrolls of teleportation
 x - a scroll of blinking
 H - a scroll of immolation
 K - a scroll of acquirement {unknown}
 L - 2 scrolls of recharging
 O - 3 scrolls of magic mapping
Potions
 i - 2 potions of invisibility
Comestibles
 m - 8 meat rations
 v - 9 beef jerkies
 w - 3 royal jellies
 C - 2 slices of pizza
 E - 8 fruits
 Q - 4 bread rations


   Skills:
 + Level 4.5 Fighting
 - Level 1.0 Short Blades
 * Level 10.0 Slings
 * Level 10.1 Dodging
 + Level 10.9 Stealth
 * Level 9.7 Shields
 * Level 10.3 Invocations
 - Level 7.6 Evocations


You had 8 spell levels left.
You knew the following spells:

 Your Spells              Type           Power        Failure   Level  Hunger
a - Apportation           Tloc           #.........   21%         1    ##.....
b - Mephitic Cloud        Conj/Pois/Air  #.......     61%         3    ####...


Dungeon Overview and Level Annotations

Branches:
Dungeon (14/15)            Temple (1/1) D:4            Lair (0/8) D:11
    Orc (2/2) D:10            Elf (0/3) Orc:2        Vaults (0/5) D:14

Altars:
Ashenzari
Cheibriados
Dithmenos
Elyvilon
Fedhas
Gozag
Kikubaaqudgha
Makhleb
Nemelex Xobeh
Okawaru
Pakellas
Qazlal
Ru
Sif Muna
Trog
Vehumet
Xom
Yredelemnul
Zin
Beogh

Shops:
D:5 }   D:8 :*=   D:9 =   D:10 :(   Orc:2 **

Annotations:
D:11 1 runed door
Orc:2 exclusion: hyperactive ballistomycete


Innate Abilities, Weirdness & Mutations

You cannot wear most types of armour.
You are amphibious.
You can wear up to eight rings at the same time.
You can use your tentacles to constrict eight enemies at once.
Your skin changes colour to match your surroundings (Stealth).
Your rubbery body absorbs attacks (AC +1).
You have very sharp teeth.
One of your tentacles bears a spike.
You tend to lose your temper in combat.
Scrolls take you a little longer to read.
You are clumsy. (Dex -2)
You passively map a small area around you.
You are robust (+10% HP).
You occasionally shout uncontrollably at your foes.
You regenerate slowly when monsters are visible.


Message History

Fedhas protects your plant from harm. x2
The explosion of spores engulfs your giant spore.
Your giant spore explodes!
The explosion of spores engulfs your giant spore.
Your giant spore explodes!
Fedhas protects your plant from harm. x2
A fungus suddenly grows.
Fedhas protects your plant from harm. x3
The explosion of spores engulfs you!
You are confused.
A fungus suddenly grows.
Fedhas protects your plant from harm. x2
The explosion of spores engulfs you!
You are more confused.
* * * LOW HITPOINT WARNING * * *
Fedhas protects your plant from harm. x8
The explosion of spores engulfs you!
You are more confused.
You die...
Fedhas appreciates your contribution to the ecosystem.

,,,,,,,,*##* ,,,,,,,**#.#*
,*,,,,***∩.∩#* ,,,,,***,....#*
,,,,***,,#.#..#*
,,,***,,,...P..#*
,,***,,,*.#P#PPP##
,***,,,,,..)PP))P##
***,,*,*,...)#)#@P##
**,,**,,,.*,.),##÷.##
*,,***,,,**#.,,*##..##
,,***,,,**,#*,,,*##.P## ######
,***,,,**,,,**,,,*##P*### ##.#..#
***,,,**,,,,,**,,,*##...###......
**,,,**,,*,*,,**,,,*##...###P.f.#
*,*,**,,*∩,∩*,,**,*,*##....##)...
,,,**,,**,,,**,,**,,,*##.)......#


You could see 3 neutral active ballistomycetes, a friendly hyperactive
ballistomycete, a friendly active ballistomycete and a friendly giant spore
(wandering).

Vanquished Creatures
  The ghost of namelastname112 the Marksdraconian, a journeyman DrWz of Okawaru (D:14)
  A hydra (D:11)
  2 centaur warriors (D:13)
  The ghost of Chiseanne the Ducker, a novice CeAE of Vehumet (D:10)
  An orc high priest (Orc:2)
  A giant orange brain (shapeshifter) (D:11)
  3 unseen horrors
  An orc knight (Orc:2)
  A deep elf mage (D:12)
  4 cyclopes
  A gargoyle (D:13)
  A spiny frog (D:11)
  A red devil (Orc:2)
  6 trolls
  Grinder (D:6)
  A two-headed ogre (D:14)
  Sigmund (D:6)
  8 humans (D:14)
  A wraith (D:13)
  A wyvern (D:13)
  A vampire (D:12)
  23 yaks
  A chaos spawn (Orc:2)
  3 hippogriffs
  A warg (Orc:2)
  Menkaure (D:7)
  2 mottled dragons
  A soldier ant (D:10)
  3 ice beasts
  Purgy (Sewer)
  A black bear (D:12)
  15 orc warriors
  2 sky beasts
  A wasp (D:12)
  3 ogres
  A phantom (D:4)
  A crocodile (D:8)
  6 centaurs
  A big kobold (D:7)
  4 giant frogs
  2 elf skeletons (Ossuary)
  A wyvern skeleton (D:10)
  3 scorpions
  6 killer bees (D:8)
  8 wights
  4 crimson imps
  10 hounds
  2 jellies
  8 orc wizards
  2 giant frog skeletons
  13 orc priests
  4 centaur skeletons
  A gnoll shaman (D:8)
  5 worker ants
  A human skeleton (Ossuary)
  An iguana (D:8)
  A big kobold skeleton (Ossuary)
  A hound skeleton (D:10)
  2 mummies (Ossuary)
  8 adders
  10 gnolls
  A river rat (D:3)
  6 shadow imps
  An ooze (D:4)
  4 adder skeletons
  2 worms
  5 giant geckos
  43 orcs
  4 ball pythons
  7 giant cockroaches
  11 goblins
  10 hobgoblins
  21 jackals
  7 kobolds
  2 quokkas
  11 bats
  A giant gecko skeleton (D:7)
  4 giant newts (D:1)
  2 gnoll skeletons (D:5)
  A goblin skeleton (Ossuary)
  8 hobgoblin skeletons (Ossuary)
  4 jackal skeletons
  9 kobold skeletons (Ossuary)
  A kobold zombie (Ossuary)
  8 orc skeletons (Ossuary)
  An orc zombie (Ossuary)
  A quokka skeleton (D:7)
  9 rats
  A rat skeleton (Ossuary)
  2 ballistomycetes (Orc:2)
  2 giant spores (Orc:2)
  A toadstool (D:13)
393 creatures vanquished.

Vanquished Creatures (collateral kills)
  A centaur warrior (D:10)
  Sonja (D:13)
  An obsidian statue (D:11)
  3 hill giants (D:11)
  An ugly thing (D:12)
  A cyclops (D:13)
  A two-headed ogre (D:9)
  Prince Ribbit (D:5)
  A shadow (D:10)
  A wyvern (D:11)
  5 yaks
  Eustachio (D:5)
  4 humans (D:14)
  A hippogriff (D:11)
  A mottled dragon (D:13)
  2 porcupines (D:11)
  A sky beast (D:7)
  An ice beast (D:11)
  3 orc warriors
  An ogre (D:7)
  3 centaurs
  3 giant frogs (D:11)
  A big kobold (D:13)
  5 wights
  A crimson imp (D:11)
  3 centaur skeletons
  6 orc priests
  4 hounds
  An iguana (D:11)
  A worker ant (D:13)
  5 gnolls
  2 adders
  A river rat (D:11)
  A giant gecko (D:11)
  12 orcs
  2 jackals (D:6)
  6 kobolds (D:13)
  2 giant spores (Orc:2)
91 creatures vanquished.

Vanquished Creatures (others)
  A hill giant (D:14)
  A wolf spider zombie (D:12)
  25 wandering mushrooms
  A wyvern (D:9)
  A necrophage (D:6)
  2 centaurs (D:13)
  2 worker ant zombies
  A giant spore (Orc:2)
  332 toadstools
366 creatures vanquished.

Grand Total: 850 creatures vanquished

Notes
Turn   | Place    | Note
--------------------------------------------------------------
     0 | D:1      | M4edhros the Octopode Artificer began the quest for the Orb.
     0 | D:1      | Reached XP level 1. HP: 13/13 MP: 3/3
   123 | D:1      | Reached XP level 2. HP: 6/18 MP: 4/4
  1193 | D:2      | Reached skill level 1 in Slings
  1193 | D:2      | Reached XP level 3. HP: 23/23 MP: 5/5
  1645 | D:3      | Found a glowing drain.
  1756 | D:3      | Reached XP level 4. HP: 28/28 MP: 6/6
  1844 | Sewer    | Entered a sewer
  1874 | Sewer    | Noticed Purgy
  1961 | Sewer    | Killed Purgy
  1961 | Sewer    | Reached skill level 4 in Evocations
  1961 | Sewer    | Reached XP level 5. HP: 33/33 MP: 6/8
  2293 | D:4      | Found a sand-covered staircase.
  2361 | D:4      | Found an opulent altar of Gozag.
  2399 | D:4      | Found a shadowy altar of Dithmenos.
  2432 | D:4      | Found a staircase to the Ecumenical Temple.
  2452 | Temple   | Entered the Ecumenical Temple
  2458 | Temple   | Became a worshipper of Xom of Chaos
  2492 | Temple   | Fell from the grace of Xom
  2492 | Temple   | Became a worshipper of Fedhas Madash
  2557 | Ossuary  | Entered an ossuary
  2596 | Ossuary  | Reached * piety under Fedhas
  2742 | Ossuary  | XOM: mild Tloc miscast
  2864 | Ossuary  | XOM: give mutations
  2864 | Ossuary  | Gained mutation: You occasionally shout uncontrollably at your foes. [Xom's mischief]
  2864 | Ossuary  | Gained mutation: You are occasionally teleported next to monsters. [Xom's mischief]
  2890 | Ossuary  | Lost mutation: You are occasionally teleported next to monsters. [potion of cure mutation]
  2919 | Ossuary  | Reached ** piety under Fedhas
  2926 | Ossuary  | Reached XP level 6. HP: 36/38 MP: 9/9
  3020 | Ossuary  | Gained mutation: You are weak. (Str -2) [potion of mutation]
  3020 | Ossuary  | Gained mutation: Scrolls take you a little longer to read. [potion of mutation]
  3020 | Ossuary  | Gained mutation: You are robust (+10% HP). [potion of mutation]
  3254 | Ossuary  | XOM: mild Conj miscast
  3310 | Ossuary  | XOM: give mutation
  3310 | Ossuary  | Gained mutation: You are clumsy. (Dex -2) [Xom's mischief]
  3473 | Ossuary  | Gained mutation: Your spells are a little harder to cast, but a little more powerful. [potion of mutation]
  3473 | Ossuary  | Gained mutation: You have very sharp teeth. [potion of mutation]
  3633 | D:4      | Noticed a phantom
  3836 | D:2      | Found a stormy altar of Qazlal.
  4198 | D:3      | Reached XP level 7. HP: 38/47 MP: 10/10
  4379 | D:3      | Reached *** piety under Fedhas
  4873 | D:4      | Reached skill level 1 in Invocations
  4873 | D:4      | Reached skill level 5 in Evocations
  5033 | D:5      | Entered Level 5 of the Dungeon
  5042 | D:5      | Reached skill level 5 in Stealth
  5042 | D:5      | Reached skill level 1 in Shields
  5075 | D:4      | XOM: mild Necr miscast
  5097 | D:4      | XOM: medium Tloc miscast
  5150 | D:5      | Noticed Eustachio
  5157 | D:5      | Noticed Prince Ribbit
  5216 | D:5      | Killed Prince Ribbit
  5218 | D:5      | Killed Eustachio
  5227 | D:5      | Reached XP level 8. HP: 17/52 MP: 9/11
  5288 | D:5      | Found Gyah's Gadget Boutique.
  5326 | D:5      | Found a bloodstained altar of Trog.
  5476 | D:5      | Reached skill level 5 in Slings
  5500 | D:5      | XOM: noise
  5619 | D:5      | Got a smoking flail
  5620 | D:5      | Identified the +7 flail of Zeteir {flame, MR+ Str+4 Int-2} (You found it on level 5 of the Dungeon)
  5663 | D:5      | Found a basalt altar of Yredelemnul.
  5966 | D:5      | XOM: noise
  5992 | D:6      | Noticed Grinder
  6019 | D:6      | Killed Grinder
  6109 | D:6      | XOM: noise
  6213 | D:6      | Reached skill level 5 in Dodging
  6213 | D:6      | Reached skill level 6 in Stealth
  6244 | D:6      | Noticed Sigmund
  6259 | D:6      | Killed Sigmund
  6259 | D:6      | Reached XP level 9. HP: 54/58 MP: 13/13
  6436 | D:6      | Reached **** piety under Fedhas
  6566 | D:7      | Noticed Menkaure
  6571 | D:7      | Killed Menkaure
  6715 | D:7      | XOM: silly message
  6746 | D:7      | Reached skill level 5 in Invocations
  6985 | D:7      | XOM: harmless Necr miscast
  7174 | D:7      | XOM: silly message
  7185 | D:8      | Found Jeotiam's Book Boutique.
  7316 | D:8      | Found Jialeudd's General Store.
  7324 | D:8      | Bought 6 curare-tipped needles for 43 gold pieces
  7387 | D:8      | Reached skill level 7 in Stealth
  7393 | D:8      | Reached skill level 5 in Shields
  7508 | D:8      | Found a shattered altar of Ashenzari.
  7516 | D:8      | Found an iron altar of Okawaru.
  7520 | D:8      | Found a snail-covered altar of Cheibriados.
  7547 | D:8      | Reached XP level 10. HP: 63/63 MP: 14/14
  7802 | D:8      | XOM: noise
  7818 | D:8      | Found Teumep's Jewellery Emporium.
  8039 | D:9      | Found a burning altar of Makhleb.
  8103 | D:9      | XOM: harmless Fire miscast
  8419 | D:9      | Found Touq's Jewellery Emporium.
  8425 | D:9      | Bought a +4 ring of protection for 468 gold pieces
  8432 | D:9      | Reached skill level 8 in Stealth
  8507 | D:10     | Entered Level 10 of the Dungeon
  8553 | D:10     | Found a staircase to the Orcish Mines.
  8564 | D:10     | Found a roughly hewn altar of Beogh.
  8666 | D:10     | Reached ***** piety under Fedhas
  8699 | D:10     | XOM: noise
  8710 | D:10     | Found Piont's Antique Weapon Emporium.
  8721 | D:10     | Noticed a centaur warrior
  8737 | D:10     | XOM: chaos upgrade
  8741 | D:10     | Killed a centaur warrior
  8810 | D:10     | Found a shadowy altar of Dithmenos.
  8952 | D:10     | Found Vafeamos's Book Shoppe.
  9032 | D:10     | Noticed an unseen horror
  9034 | D:10     | Killed an unseen horror
  9034 | D:10     | Reached XP level 11. HP: 64/69 MP: 16/16
  9039 | D:10     | Noticed Chiseanne's ghost (novice CeAE)
  9083 | D:10     | Killed Chiseanne's ghost
  9207 | D:10     | Lost mutation: You are weak. (Str -2) [mutagenic meat]
  9208 | D:10     | Gained mutation: One of your tentacles bears a spike. [mutagenic meat]
  9210 | D:10     | Gained mutation: You tend to lose your temper in combat. [mutagenic meat]
  9264 | D:10     | XOM: summons friendly quasit
  9419 | D:11     | Noticed a hill giant
  9486 | D:11     | Found a staircase to the Lair.
  9554 | D:11     | Reached skill level 9 in Stealth
  9607 | D:11     | Found a runed door.
  9695 | D:11     | Killed a hill giant
  9722 | D:11     | Noticed a hill giant
  9734 | D:11     | Killed a hill giant
  9790 | D:11     | Noticed an obsidian statue
  9796 | D:11     | Learned a level 1 spell: Apportation
  9811 | D:11     | Noticed a sixfirhy
  9828 | D:11     | Noticed a seven-headed hydra
  9831 | D:11     | Noticed a sixfirhy
  9833 | D:11     | HP: 1/69 [seven-headed hydra (6)]
  9863 | D:10     | XOM: medium Air miscast
  9912 | D:10     | XOM: medium Hex miscast
  9966 | D:11     | Killed an obsidian statue
  9981 | D:11     | Killed a seven-headed hydra
 10002 | D:11     | Found a runed door.
 10009 | D:11     | Learned a level 3 spell: Mephitic Cloud
 10045 | D:11     | Found a runed door.
 10055 | D:11     | Found a runed door.
 10074 | D:11     | Noticed a wolf spider
 10083 | D:11     | Noticed a giant orange brain
 10083 | D:11     | a wolf spider changed into a giant orange brain
 10086 | D:11     | Killed a giant orange brain
 10091 | D:11     | Gained mutation: You passively map a small area around you. [mutagenic meat]
 10092 | D:11     | Lost mutation: Your spells are a little harder to cast, but a little more powerful. [mutagenic meat]
 10308 | D:11     | XOM: harmless Trmt miscast
 10340 | D:11     | Noticed a hill giant
 10361 | D:11     | Killed a hill giant
 10422 | D:11     | Noticed an unseen horror
 10441 | D:11     | Killed an unseen horror
 10707 | D:12     | Noticed an unseen horror
 10728 | D:12     | Killed an unseen horror
 10728 | D:12     | Reached XP level 12. HP: 53/77 MP: 18/18
 10965 | D:12     | Gained mutation: You regenerate slowly when monsters are visible. [mutagenic meat]
 11093 | D:12     | Got a transparent iron ring
 11188 | D:12     | Identified the ring "Hudosk" {rF+ Int+4} (You found it on level 12 of the Dungeon)
 11235 | D:13     | Noticed a centaur warrior
 11259 | D:13     | Killed a centaur warrior
 11323 | D:13     | Reached skill level 10 in Stealth
 11355 | D:13     | XOM: silly message
 11387 | D:13     | XOM: harmless Divn miscast
 11404 | D:13     | Noticed Sonja
 11424 | D:13     | Killed Sonja
 11488 | D:13     | Noticed a centaur warrior
 11499 | D:13     | Killed a centaur warrior
 11754 | D:13     | XOM: harmless Pois miscast
 12206 | D:14     | Found a gate to the Vaults.
 12206 | D:14     | Noticed namelastname112's ghost (journeyman DrWz)
 12440 | D:14     | XOM: noise
 12455 | D:14     | Killed namelastname112's ghost
 12524 | D:14     | Noticed a centaur warrior
 12617 | D:13     | Reached skill level 10 in Invocations
 12617 | D:13     | Reached XP level 13. HP: 76/86 MP: 20/20
 12773 | Orc:1    | Entered Level 1 of the Orcish Mines
 13057 | Orc:2    | Entered Level 2 of the Orcish Mines
 13092 | Orc:2    | Reached skill level 10 in Dodging
 13167 | Orc:2    | Found Wemiq's General Store.
 13204 | Orc:2    | Found Giam's General Store.
 13206 | Orc:2    | Reached skill level 10 in Slings
 13231 | Orc:2    | Killed by an exploding giant spore... set off by themself

Vault maps used:
D:1:      ldierk_walled_garden
D:2:      lemuel_crystal_altar
D:3:      forest_paths, portal_sewer_entry_e
D:4:      grunt_dithmenos_smoke, minmay_temple_entry_statues_fountains,
          first_bread, enter_ossuary_1, grunt_gozag_statues
D:5:      bloody_trog, lemuel_zombie_altar_yredelemnul, serial_shops, shop,
          uniq_eustachio, uniq_prince_ribbit1
D:6:      dk_vineyard_2, uniq_sigmund, uniq_grinder
D:7:      grunt_ogre_cave, minmay_misc_feat_nine_boxes, uniq_menkaure
D:8:      minmay_overflow_temple_star_quad, serial_shops, shop, shop, shop
D:9:      nicolae_overflow_hidden_temple, serial_shops, shop_fountains
D:10:     minmay_orc_entry_temple_small, basic_altar, serial_corexii_hall,
          corexii_hall_statues_deadend, corexii_hall_statues_u, serial_shops,
          shop, shop, minmay_misc_feat_roman
D:11:     dpeg_lair_monsters, minmay_statue_crystal_thing
D:12:     kennysheep_boxes
D:13:     uniq_sonja
D:14:     david_vaults_3, serial_shops, kennysheep_mini_moat
Temple:   circular_temple_pool_12
Orc:2:    pf_orc_diabolical, uniq_donald
Sewer:    sewer_big_baddie
Ossuary:  ossuary_tomb_1

Action                   |  1- 3 |  4- 6 |  7- 9 | 10-12 | 13-15 || total
-------------------------+-------+-------+-------+-------+-------++-------
Melee: Short sword       |    18 |       |       |       |       ||    18
       Rapier            |     8 |    99 |    61 |       |       ||   168
       Dagger            |       |     3 |    31 |   165 |       ||   199
       Flail             |       |       |   123 |   296 |   106 ||   525
 Fire: Hunting sling     |    96 |   114 |    54 |    94 |    12 ||   370
       Blowgun           |       |       |       |    25 |       ||    25
 Cast: Apportation       |       |       |       |     3 |       ||     3
Invok: Evolution         |       |       |     7 |    19 |     5 ||    31
       Sunlight          |       |       |     1 |    16 |       ||    17
       Reproduction      |       |       |       |       |     3 ||     3
Evoke: Wand              |       |     8 |    10 |    29 |     5 ||    52
  Use: Potion            |       |     9 |     4 |    11 |       ||    24
       Scroll            |       |     7 |     6 |     9 |     1 ||    23
 Stab: Sleeping          |     5 |     3 |    14 |    18 |       ||    40
       Confused          |       |       |     1 |     6 |     2 ||     9
       Distracted        |       |       |       |     4 |       ||     4
       Paralysed         |       |       |       |     3 |       ||     3
  Eat: Chunk             |     2 |     2 |       |     9 |       ||    13
       Bread ration      |       |     2 |     2 |     4 |     1 ||     9
